 Dungeon Crawl Stone Soup version 0.29.1-15-g9cfb28693d (webtiles) character file.

Game seed: 8047157868669372556

5198 GeoRichter the Destroyer (level 10, -21/63 HPs)
             Began as a Demonspawn Fire Elementalist on Mar 17, 2023.
             Was a Priest of Vehumet.
             Demolished by a komodo dragon (23 damage)
             ... on level 7 of the Dungeon.
             The game lasted 00:14:33 (9643 turns).

GeoRichter the Destroyer (DsFE)                     Turns: 9643, Time: 00:14:33

Health: -21/63     AC:  5    Str:  9    XL:     10   Next: 34%
Magic:  30/30      EV: 12    Int: 25    God:    Vehumet [***...]
Gold:   429        SH:  0    Dex: 15    Spells: 22/24 levels left

rFire   . . .      SeeInvis .   E - +10 whip of Imbalance {venom, rN+}
rCold   . . .      Faith    .   (no shield)
rNeg    + . .      Spirit   .   a - +0 robe
rPois   .          Reflect  .   (no helmet)
rElec   .          Harm     .   n - +0 cloak
rCorr   .          Rampage  .   (no gloves)
Will    .....                   r - +0 pair of boots
Stlth   ++........              w - amulet of magic regeneration
HPRegen 0.20/turn               c - ring of magical power
MPRegen 0.62/turn               k - +6 ring of intelligence

@: no status effects
A: hooves 1, spiny 3, sharp scales 1, demonic magic 1
a: Renounce Religion


You were on level 7 of the Dungeon.
You worshipped Vehumet.
Vehumet was most pleased with you.
You visited 1 branch of the dungeon, and saw 8 of its levels.
You also visited: Ossuary.

You collected 673 gold pieces.
You spent 244 gold pieces at shops.

Inventory:

Hand Weapons
 m - the +1 dagger "Xuskaan" {drain, rN++ Stlth+}
   (You found it on level 3 of the Dungeon)

   A truly terrible weapon, it drains the life of any living foe it strikes.
   rN:        It greatly protects you from negative energy.
   Stlth:     It makes you more stealthy.
 E - the +10 whip of Imbalance (weapon) {venom, rN+}
   (You found it on level 6 of the Dungeon)

   It poisons the flesh of those it strikes.
   rN:        It protects you from negative energy.
Armour
 a - a +0 robe (worn)
 n - a +0 cloak (worn)
   (You found it on level 2 of the Dungeon)
 r - a +0 pair of boots (worn)
   (You found it on level 3 of the Dungeon)
Jewellery
 c - a ring of magical power (left hand)
   (You found it on level 1 of the Dungeon)
 k - a +6 ring of intelligence (right hand)
   (You found it on level 6 of the Dungeon)
 w - an amulet of magic regeneration (around neck)
   (You found it on level 4 of the Dungeon)
Wands
 y - a wand of flame (31)
   (You found it on level 5 of the Dungeon)
 I - a wand of roots (8)
   (You found it on level 7 of the Dungeon)
Scrolls
 d - a scroll of identify {@r1}
 e - 2 scrolls of enchant weapon
 g - 9 scrolls of teleportation {@r4}
 h - a scroll of noise {unknown}
 j - a scroll of butterflies
 l - 4 scrolls of magic mapping
 q - 3 scrolls of amnesia
 z - 2 scrolls of fear {unknown}
 A - a scroll of brand weapon {unknown}
 G - a scroll of immolation {unknown}
 H - a scroll of vulnerability {unknown}
Potions
 b - 3 potions of magic
 f - 3 potions of flight
 i - a potion of berserk rage {unknown}
 o - 2 potions of ambrosia
 p - 8 potions of curing {@q1}
 s - 2 potions of attraction {!q}
 t - 2 potions of haste {@q3}
 u - 2 potions of might
 v - a potion of brilliance {unknown}
 B - 3 potions of cancellation
 C - a potion of resistance {unknown}
 F - a potion of lignification {unknown}


   Skills:
 - Level 0.2 Short Blades
 - Level 1.7 Dodging
 - Level 3.0 Stealth
 + Level 7.8 Spellcasting
 + Level 10.3 Conjurations
 - Level 2.6 Fire Magic
 * Level 6.9 Earth Magic


You had 22 spell levels left.
You knew the following spells:

 Your Spells              Type           Power      Damage    Failure   Level
b - Magic Dart            Conj           100%       1d8       1%          1
c - Sandblast             Erth           88%        2d18      1%          1

Your spell library contained the following spells:

 Spells                   Type           Power      Damage    Failure   Level
 Dazzling Flash           Conj/Hex       70%        N/A       1%          3
 Foxfire                  Conj/Fire      100%       2x1d9     1%          1
 Scorch                   Fire           46%        2d7       1%          2
 Searing Ray              Conj           100%       2d8       1%          2
 Conjure Flame            Conj/Fire      42%        6-21      1%          3
 Flame Wave               Conj/Fire      42%        2d11      1%          4
 Fulminant Prism          Conj/Hex       17%        3d11      2%          4
 Inner Flame              Hex/Fire       16%        N/A       3%          3
 Iron Shot                Conj/Erth      26%        9d6       7%          6
 Blink                    Tloc           18%        N/A       10%         2
 Summon Guardian Golem    Hex/Summ       9%         N/A       19%         3
 Orb of Destruction       Conj           28%        9d9       19%         7
 Spellforged Servitor     Conj/Summ      17%        N/A       80%         7
 Manifold Assault         Tloc           9%         N/A       86%         5
 Storm Form               Tmut/Air       4%         N/A       100%        7


Dungeon Overview and Level Annotations

Branches:
Dungeon (8/15) Zot: 25916  Temple (0/1) D:4         Ossuary (visited)
   Lair: D:8-11

Altars:
Kikubaaqudgha
Makhleb
Qazlal
Ru
Trog
Vehumet
Wu Jian
Xom

Shops:
D:2 *   D:6 *


Innate Abilities, Weirdness & Mutations

You have large cloven feet.
You are completely covered in sharp spines.
You are partially covered in razor-sharp scales. (AC +1, Slay +1)
Spells you cast may paralyse adjacent enemies.


Message History

There is a stone staircase leading down here.
The blast of sand hits the yak!
Malevolent energies surge around you. The yak is struck by your spines.
The yak gores you but does no damage.
The blast of sand hits the yak!
You kill the yak!
Vehumet accepts your kill. Malevolent energies surge around you.
You climb downwards.
The troll bites you but does no damage. The troll barely misses you.
The troll claws you. The yak is struck by your spines.
The yak barely misses you.
The komodo dragon completely misses you.
There is a stone staircase leading up, spattered with blood here.
The troll misses you. The troll closely misses you.
The troll claws you but does no damage. The yak is struck by your spines.
The yak gores you! The komodo dragon bites you.
You climb upwards.
There is a stone staircase leading down here.
The troll is struck by your spines. The troll bites you!
* * * LOW HITPOINT WARNING * * *
The troll claws you.
* * * LOW HITPOINT WARNING * * *
The troll misses you.
Okay, then.
Aim: a yak (moderately wounded, 91% to hit)
The blast of sand misses the yak.
The blast of sand hits the troll!!
Malevolent energies surge around you. The yak is struck by your spines.
The yak gores you but does no damage. The yak is struck by your spines.
The yak gores you but does no damage.
Aim: a yak (almost dead, 91% to hit)
The blast of sand hits the yak!!
You kill the yak!
Vehumet accepts your kill. Malevolent energies surge around you.
Aim: a troll (severely wounded, 85% to hit)
The blast of sand hits the troll!
Malevolent energies surge around you. The troll bites you!
* * * LOW HITPOINT WARNING * * *
The troll claws you!
* * * LOW HITPOINT WARNING * * *
The troll claws you.
* * * LOW HITPOINT WARNING * * *
The troll closely misses you. x2; The troll barely misses you.
Aim: a troll (almost dead, 85% to hit)
The blast of sand hits the troll!
You kill the troll!
Vehumet accepts your kill.
You feel your power returning. Malevolent energies surge around you.
The komodo dragon bites you!!
You die...

........#...###.#.# #.#
##.# .......[....###.#.#
#.# ##...
##.#....##......#.## #.#
#..<.
#.#.#..##.#####...#####.#
#....
#......##.####)..#......#
#.#.#
###.##)##......†...######
#.### #.##.#######..>..#
#.# #.##.# ##l#..# #.#
####.##.# #@#..# ######.#
....#...# #.#..# ##......#
...#.#### #.#!.# #.......#
...#.## #.#..# #.#.#.#.#
......# ##.#..###.....#.#
......# #.........#.#...#
.....<####
#..#).##........#
.........#
#..#).##.)((#####
...#####.######..#......(.#


You could see a komodo dragon.

Vanquished Creatures
  An unseen horror (D:7)
  A troll (D:7)
  2 hornets
  2 wyverns
  6 yaks
  2 vampire mosquitoes (D:6)
  A steam dragon (D:8)
  2 black bears
  An orc warrior (D:7)
  3 ogres
  A phantom (D:5)
  6 centaurs
  3 scorpions
  A kobold brigand (D:7)
  2 necrophages
  4 bullfrogs
  9 killer bees
  5 howler monkeys
  4 hounds
  2 orc priests (D:7)
  2 jellies
  4 orc wizards
  5 iguanas
  8 mummies (Ossuary)
  3 gnolls (D:5)
  2 adders
  A shadow imp (D:8)
  A white imp (D:8)
  4 worms
  5 dart slugs
  13 orcs
  5 endoplasms
  6 giant cockroaches
  A gnoll zombie (Ossuary)
  8 goblins
  8 hobgoblins
  3 jackals (D:2)
  2 quokkas
  6 ball pythons
  10 bats
  2 frilled lizards
  2 hobgoblin zombies (Ossuary)
  15 kobolds
  4 kobold zombies (Ossuary)
  An orc zombie (Ossuary)
  4 rats
183 creatures vanquished.

Vanquished Creatures (others)
  An orc (D:8)
  285 foxfires
  5 fungi (D:7)
  A plant (D:8)
292 creatures vanquished.

Grand Total: 475 creatures vanquished

Notes
Turn   | Place    | Note
-------+----------+-------------------------------------------
     0 | D:1      | GeoRichter the Demonspawn Fire Elementalist began the quest
                  | for the Orb.
     0 | D:1      | Reached XP level 1. HP: 13/13 MP: 3/3
     3 | D:1      | Noticed an electric eel
     4 | D:1      | Noticed an electric eel
   449 | D:1      | Gained mutation: You are partially covered in sharp spines.
                  | [demonic ancestry]
   449 | D:1      | Reached XP level 2. HP: 19/19 MP: 5/5
   719 | D:1      | Reached skill level 2 in Conjurations
  1077 | D:1      | Reached XP level 3. HP: 24/24 MP: 6/6
  2263 | D:2      | Found Iloepeh's General Store.
  2268 | D:2      | Bought a scroll of identify for 28 gold pieces
  2591 | D:3      | Identified the +1 dagger "Xuskaan" {drain, rN++ Stlth+}
  2681 | D:3      | Found a radiant altar of Vehumet.
  2773 | D:3      | Became a worshipper of Vehumet
  2844 | D:3      | Gained mutation: Spells you cast may paralyse adjacent
                  | enemies. [demonic ancestry]
  2844 | D:3      | Reached XP level 4. HP: 30/30 MP: 7/7
  3530 | D:4      | Noticed a necrophage
  3536 | D:4      | Killed a necrophage
  3537 | D:4      | Reached skill level 3 in Conjurations
  3537 | D:4      | Gained mutation: You are mostly covered in sharp spines.
                  | [demonic ancestry]
  3537 | D:4      | Reached XP level 5. HP: 35/35 MP: 9/9
  3627 | D:4      | Noticed an ogre
  3634 | D:4      | Killed an ogre
  3635 | D:4      | Reached skill level 4 in Conjurations
  3958 | D:4      | Reached * piety under Vehumet
  3958 | D:4      | Offered knowledge of Magic Dart by Vehumet.
  3961 | D:4      | Learned a level 1 spell: Magic Dart
  4029 | D:4      | Found a staircase to the Ecumenical Temple.
  4051 | D:4      | Noticed an ogre
  4057 | D:4      | Killed an ogre
  4058 | D:4      | Gained mutation: You have large cloven feet. [demonic
                  | ancestry]
  4058 | D:4      | Reached XP level 6. HP: 41/41 MP: 11/11
  4375 | D:5      | Entered Level 5 of the Dungeon
  4419 | D:5      | Reached skill level 5 in Conjurations
  4584 | D:5      | Reached XP level 7. HP: 22/46 MP: 13/13
  4853 | D:5      | Reached skill level 6 in Conjurations
  5311 | D:5      | Reached skill level 7 in Conjurations
  5597 | D:5      | Found an ornate altar of the Wu Jian Council.
  5597 | D:5      | Found a shimmering altar of Xom.
  5687 | D:6      | Found a sand-covered staircase.
  5696 | Ossuary  | Entered an ossuary
  5742 | Ossuary  | Reached skill level 5 in Spellcasting
  5790 | Ossuary  | Reached ** piety under Vehumet
  5809 | Ossuary  | Offered knowledge of Poisonous Vapours by Vehumet.
  5874 | Ossuary  | Gained mutation: You are partially covered in razor-sharp
                  | scales. (AC +1, Slay +1) [demonic ancestry]
  5874 | Ossuary  | Reached XP level 8. HP: 52/52 MP: 15/15
  6272 | D:6      | Identified the +10 whip of Imbalance {venom, rN+}
  6334 | D:6      | Reached skill level 8 in Conjurations
  6344 | D:6      | Found Vucata Qisu's Elemental Accessories.
  6358 | D:6      | Bought the Discourse on Silt for 216 gold pieces
  6360 | D:6      | Learned a level 1 spell: Sandblast
  7068 | D:7      | Reached skill level 1 in Earth Magic
  7098 | D:7      | Killed an unseen horror
  7099 | D:7      | Reached skill level 9 in Conjurations
  7099 | D:7      | Reached XP level 9. HP: 30/57 MP: 18/18
  7501 | D:7      | Offered knowledge of Static Discharge by Vehumet.
  7795 | D:7      | Found a stormy altar of Qazlal.
  8423 | D:7      | Found an ancient bone altar of Kikubaaqudgha.
  8427 | D:7      | Found a burning altar of Makhleb.
  8446 | D:7      | Found a bloodstained altar of Trog.
  8446 | D:7      | Found a sacrificial altar of Ru.
  8619 | D:8      | Paralysed by a hornet for 1 turns
  8777 | D:8      | Reached *** piety under Vehumet
  8778 | D:8      | Reached skill level 5 in Earth Magic
  8788 | D:8      | Noticed a troll
  8804 | D:8      | Reached skill level 10 in Conjurations
  9012 | D:8      | Gained mutation: You are completely covered in sharp
                  | spines. [demonic ancestry]
  9012 | D:8      | Reached XP level 10. HP: 57/63 MP: 21/21
  9519 | D:8      | Offered knowledge of Dazzling Flash by Vehumet.
  9642 | D:7      | HP: 1/63 [troll (4)]
  9643 | D:7      | Demolished by a komodo dragon

Illustrated notes

Levels and vault maps discovered:
D:1:      arrival_aquarium_b, layout_basic, serial_co_window_serial,
          co_window_corner_a, co_window_corner_a, co_window_corner_a,
          co_window_of_opportunity_a, co_window_paths_b, co_window_paths_b,
          co_window_corner_b, co_window_of_opportunity_b, co_window_corner_cb,
          co_window_4corner_a
D:2:      layout_loops_corners, serial_shops, nicolae_shop_hallway_stairs,
          minmay_tripent
D:3:      layout_loops_ring, mainiacjoe_overflow_chevrons,
          kennysheep_cluttered_room
D:4:      layout_cave_pools, minmay_temple_entry_mist, dk_vineyard_1
D:5:      nicolae_cairo_tiling, layout_basic, gammafunk_temple_overflow_wave
D:6:      layout_gridville, nicolae_ossuary_entry_ruins, nicolae_elemental_shop
D:7:      layout_loops_ring, mainiacjoe_overflow_alcove_4,
          minmay_overflow_temple_star_hex, glass_columns_a,
          minmay_misc_feat_enclosed
D:8:      layout_cave_pools, lemuel_coloured_pillars_altar, dpeg_oklobed_lair,
          st_stairs_11, minmay_circle_x

Skill      XL: |  1  2  3  4  5  6  7  8  9 10 |
---------------+-------------------------------+-----
Stealth        | 2 3 |  3.0
Conjurations   | 2 3 4 5 7 9 10 | 10.3
Spellcasting   | 3 4 5 6 7 |  7.8
Earth Magic    | 2 5 6 |  6.9
Short Blades   | |  0.2
Dodging        | |  1.7
Fire Magic     | |  2.6

Action                   |  1- 3 |  4- 6 |  7- 9 | 10-12 || total
-------------------------+-------+-------+-------+-------++-------
Melee: Whip              |     8 |       |    30 |       ||    38
       Unarmed           |     4 |       |       |       ||     4
       Dagger            |    28 |    11 |    21 |       ||    60
       Punch             |     1 |       |     1 |       ||     2
 Cast: Foxfire           |    86 |    70 |       |       ||   156
       Magic Dart        |       |    40 |   190 |       ||   230
       Sandblast         |       |       |    37 |    40 ||    77
Evoke: Wand              |       |       |     1 |       ||     1
  Use: Scroll            |     4 |     5 |    11 |     1 ||    21
       Potion            |       |       |     6 |       ||     6
 Stab: Sleeping          |     3 |     1 |     1 |       ||     5
       Paralysed         |       |     2 |    17 |       ||    19
Armor: Robe              |     7 |     4 |    33 |     6 ||    50
Dodge: Dodged            |    31 |    12 |    70 |    23 ||   136
